 Dungeon Crawl Stone Soup version 0.28.0-43-g3370ac3207 (webtiles) character file.

Game seed: 16823200250015438412

1477 Peloso the Carver (level 8, 0/70 HPs)
             Began as a Minotaur Fighter on Mar 6, 2022.
             Was a Follower of Okawaru.
             Succumbed to a killer bee's poison
             ... on level 6 of the Dungeon.
             The game lasted 00:06:44 (5073 turns).

Peloso the Carver (Minotaur Fighter)                Turns: 5073, Time: 00:06:44

Health: 0/70       AC: 18    Str: 20    XL:     8   Next: 49%
Magic:  7/7        EV:  8    Int:  5    God:    Okawaru [*.....]
Gold:   286        SH:  9    Dex: 13    Spells: 7/7 levels left

rFire   . . .      SeeInvis .   a - +0 long sword
rCold   + . .      Faith    .   c - +0 buckler
rNeg    . . .      Spirit   .   p - +2 chain mail {rC+}
rPois   .          Reflect  .   (helmet restricted)
rElec   .          Harm     .   v - +0 cloak
rCorr   .          Rampage  .   (no gloves)
Will    .....                   (no boots)
Stlth   ..........              (no amulet)
HPRegen 0.21/turn               j - +4 ring of protection
MPRegen 0.10/turn               (no ring)

@: brilliant, lethally poisoned (0 -> -5)
A: horns 2, retaliatory headbutt, large bone plates 1, subdued magic 1
a: Renounce Religion, Heroism


You were on level 6 of the Dungeon.
You worshipped Okawaru.
Okawaru was aware of your devotion.
You visited 2 branches of the dungeon, and saw 8 of its levels.

You collected 286 gold pieces.

Inventory:

Hand Weapons
 a - a +0 long sword (weapon)
Armour
 b - a +0 scale mail
 c - a +0 buckler (worn)
 p - a +2 chain mail of cold resistance (worn)
 v - a +0 cloak (worn)
Jewellery
 f - an amulet of guardian spirit
 i - a ring of flight
 j - a +4 ring of protection (left hand)
 k - a ring of ice
 m - a ring of fire
 n - an amulet of the acrobat
Scrolls
 e - 4 scrolls of teleportation {unknown}
 g - 6 scrolls of identify {unknown}
 r - 2 scrolls of blinking {unknown}
 u - a scroll of amnesia {unknown}
Potions
 d - a potion of might
 l - a potion of cancellation {unknown}
 o - a potion of attraction {unknown}
 q - a potion of brilliance
 s - 2 potions of mutation
 t - 2 potions of lignification {unknown}
 w - a potion of magic {unknown}


   Skills:
 + Level 6.1 Fighting
 + Level 8.3 Long Blades
 + Level 7.6 Armour
 + Level 2.1 Dodging
 + Level 1.0 Stealth
 + Level 5.5 Shields


You had 7 spell levels left.
You didn't know any spells.
Your spell library contained the following spells:

 Spells                   Type           Power      Damage    Failure   Level
 Magic Dart               Conj           0%         1d3       99%         1
 Ignite Poison            Fire/Tmut/Pois 0%         N/A       100%        3
 Mephitic Cloud           Conj/Pois/Air  0%         N/A       100%        3
 Fulminant Prism          Conj/Hex       0%         3d6       100%        4
 Iskenderun's Mystic Bla  Conj/Tloc      0%         2d3       100%        4
 Freezing Cloud           Conj/Ice/Air   0%         6-21      100%        5
 Lee's Rapid Deconstruct  Erth           0%         3d5*      100%        5
 Call Imp                 Summ           Unusable   N/A       N/A         2
 Animate Dead             Necr           Unusable   N/A       N/A         4
 Haunt                    Necr/Summ      Unusable   N/A       N/A         7
 Infestation              Necr           Unusable   N/A       N/A         8

Dungeon Overview and Level Annotations

Branches:
Dungeon (7/15)             Temple (1/1) D:4

Altars:
Ashenzari
Cheibriados
Dithmenos
Elyvilon
Fedhas
Gozag
Hepliaklqana
Kikubaaqudgha
Makhleb
Nemelex Xobeh
Okawaru
Qazlal
Ru
Sif Muna
Trog
Uskayaw
Vehumet
Wu Jian
Xom
Yredelemnul
Zin

Annotations:
D:3 Sigmund
D:4 Edmund


Innate Abilities, Weirdness & Mutations

You have a pair of horns on your head.
You reflexively headbutt those who attack you in melee.
You are partially covered in large bone plates. (SH +4)
Your spells are a little easier to cast, but a little less powerful.


Message History

The killer bee barely misses you. x2
Unknown command.
You barely miss the killer bee.
The killer bee is lightly wounded.
The killer bee completely misses you. The killer bee stings you.
* * * LOW HITPOINT WARNING * * *
Unknown command.
You miss the killer bee.
The killer bee is lightly wounded.
The killer bee misses you.
The killer bee stings you but does no damage.
You hit the killer bee. Your headbutt misses the killer bee.
The killer bee is heavily wounded.
The killer bee stings you.
* * * LOW HITPOINT WARNING * * *
You are lethally poisoned!
The killer bee poisons you! The killer bee completely misses you.
You furiously retaliate!
You headbutt the killer bee.
You fail to use your ability.
* * * LOW HITPOINT WARNING * * *
You feel very sick. The killer bee closely misses you.
The killer bee barely misses you.
You miss the killer bee.
The killer bee is severely wounded.
* * * LOW HITPOINT WARNING * * *
You feel sick.
The killer bee stings you but does no damage.
The killer bee barely misses you.
Unknown command.
It was a potion of mutation.
You feel extremely strange.
Your thoughts seem clearer.
Your connection to magic feels subdued.
Your thinking seems confused.
Large bone plates grow over parts of your arms.
* * * LOW HITPOINT WARNING * * *
You feel sick. The killer bee stings you.
* * * LOW HITPOINT WARNING * * *
The killer bee stings you but does no damage.
It was a potion of brilliance.
You feel clever all of a sudden.
You die...

############
#..........#
######.##.#####.#
#.......#<# #.#
#.##......# #.#
#.##.#..#.# #.####
#.#y.#..#.#####.....
#.#y##..........####
#.#@###.##.###.## #
#.......##.....#####
###.#############...
#.# #>.......## #.#
#........## #.#
#........## #.#
#.......<## #.##
##.......... #..#
#........###


You could see 2 killer bees.

Vanquished Creatures
  A shadow (D:6)
  A water moccasin (D:6)
  A sky beast (D:5)
  A black bear (D:4)
  An ogre (D:5)
  A centaur (D:5)
  Blork the orc (D:5)
  A scorpion (D:5)
  A water moccasin skeleton (D:5)
  4 killer bees (D:6)
  A vampire bat (D:5)
  2 bullfrog zombies (D:6)
  A centaur zombie (D:6)
  A hound (D:5)
  3 orc priests
  An iguana (D:6)
  Terence (D:2)
  An orc wizard (D:5)
  A hound skeleton (D:5)
  4 gnolls (D:2)
  5 adders
  A white imp (D:5)
  13 orcs
  2 bat zombies (D:4)
  6 endoplasms
  4 giant cockroaches
  8 goblins
  5 hobgoblins
  4 jackals (D:1)
  8 kobolds
  3 quokkas
  6 ball pythons
  8 bats
  3 frilled lizards
  3 rats
  3 rat zombies (D:4)
111 creatures vanquished.

Notes
Turn   | Place    | Note
-------+----------+-------------------------------------------
     0 | D:1      | Peloso the Minotaur Fighter began the quest for the Orb.
     0 | D:1      | Reached XP level 1. HP: 19/19 MP: 0/0
   254 | D:1      | Found a faded altar of an unknown god.
   280 | D:1      | Reached XP level 2. HP: 15/27 MP: 1/1
   746 | D:1      | Reached XP level 3. HP: 30/33 MP: 2/2
  1099 | D:2      | Reached skill level 3 in Long Blades
  1135 | D:2      | Reached XP level 4. HP: 19/40 MP: 3/3
  1482 | D:2      | Noticed Terence
  1489 | D:2      | Killed Terence
  1551 | D:2      | Found a basalt altar of Yredelemnul.
  1582 | D:2      | Reached skill level 1 in Dodging
  1596 | D:2      | Reached skill level 4 in Long Blades
  1596 | D:2      | Reached XP level 5. HP: 34/47 MP: 4/4
  2085 | D:3      | Noticed Sigmund
  2227 | D:4      | Noticed a black bear
  2243 | D:4      | Killed a black bear
  2244 | D:4      | Reached skill level 5 in Armour
  2244 | D:4      | Reached XP level 6. HP: 23/55 MP: 5/5
  2245 | D:4      | Reached skill level 5 in Long Blades
  2248 | D:4      | Reached skill level 5 in Fighting
  2443 | D:4      | Found a blossoming altar of Fedhas.
  2541 | D:4      | Found a staircase to the Ecumenical Temple.
  2553 | Temple   | Entered the Ecumenical Temple
  2913 | D:4      | Found an ancient bone altar of Kikubaaqudgha.
  2949 | D:4      | Noticed Edmund
  2973 | D:5      | Entered Level 5 of the Dungeon
  3184 | D:5      | Noticed Blork the orc
  3192 | D:5      | Killed Blork the orc
  3193 | D:5      | Reached XP level 7. HP: 44/61 MP: 6/6
  3311 | D:5      | Reached skill level 6 in Long Blades
  3887 | D:5      | Reached skill level 7 in Long Blades
  4048 | D:5      | Found an iron altar of Okawaru.
  4056 | D:5      | Became a worshipper of Warmaster Okawaru
  4253 | D:6      | Reached XP level 8. HP: 68/70 MP: 7/7
  4551 | D:6      | Reached skill level 1 in Stealth
  4778 | D:6      | Reached skill level 8 in Long Blades
  4792 | D:6      | Reached * piety under Okawaru
  4793 | D:6      | Reached skill level 5 in Shields
  5071 | D:6      | HP: 3/70 [poisoned by a killer bee]
  5072 | D:6      | Gained mutation: You possess an exceptional clarity of
                  | mind. [potion of mutation]
  5072 | D:6      | Gained mutation: Your spells are a little easier to cast,
                  | but a little less powerful. [potion of mutation]
  5072 | D:6      | Lost mutation: You possess an exceptional clarity of mind.
                  | [potion of mutation]
  5072 | D:6      | Gained mutation: You are partially covered in large bone
                  | plates. (SH +4) [potion of mutation]
  5073 | D:6      | Succumbed to a killer bee's poison

Illustrated notes

Levels and vault maps discovered:
D:1:      pf_arrival_petrified_forest, layout_loops_ring,
          hellmonk_ecumenical_altar_arch_garden
D:2:      kennysheep_six_static_rooms, layout_rooms, basic_altar, uniq_terence
D:3:      minmay_evil_eye, layout_basic, uniq_robin, uniq_sigmund
D:4:      layout_rooms, old_standard_altar, lemuel_zombie_altar_kikubaaqudgha,
          minmay_temple_entry_antechambers, uniq_edmund
D:5:      layout_loops_ring, okawaru_altar_gauntlet_db, roderic_batcave,
          uniq_blork_the_orc
D:6:      layout_loops_cross
D:7:      layout_basic, serial_shops, nicolae_diamond_shop,
          kennysheep_pointless_box, uniq_crazy_yiuf_cottage
Temple:   dpeg_five_rooms_temple

Skill      XL: |  1  2  3  4  5  6  7  8 |
---------------+-------------------------+-----
Armour         | 4 5 6 7 |  7.6
Fighting       | 4 5 6 |  6.1
Long Blades    | 3 4 5 7 8 |  8.3
Dodging        | 1 2 |  2.1
Shields        | 4 5 |  5.5
Stealth        | 1 |  1.0

Action                   |  1- 3 |  4- 6 |  7- 9 || total
-------------------------+-------+-------+-------++-------
Melee: Long sword        |    78 |   122 |   139 ||   339
       Headbutt          |    11 |    18 |    20 ||    49
Invok: Heroism           |       |       |     1 ||     1
  Use: Potion            |       |     1 |     3 ||     4
Armor: Scale mail        |    55 |    34 |       ||    89
       Chain mail        |       |    53 |   126 ||   179
Dodge: Dodged            |    41 |    60 |   113 ||   214
Block: Buckler           |    16 |    39 |    61 ||   116
